 Dungeon Crawl Stone Soup version 0.24.1-14-gf8d2b509d9 (webtiles) character file.

Game seed: 15438641245115475344, levelgen mode: deterministic

5506 Gabide the Spear-Bearer (level 11, -1/74 HPs)
             Began as a Human Chaos Knight on May 20, 2020.
             Was a Plaything of Xom.
             Slain by a two-headed ogre
             ... wielding a cursed -2 giant spiked club
              (15 damage)
             ... on level 9 of the Dungeon.
             The game lasted 00:29:51 (7432 turns).

Gabide the Spear-Bearer (Human Chaos Knight)        Turns: 7432, Time: 00:29:53

Health: -1/74      AC:  8    Str: 16    XL:     11   Next: 1%
Magic:  11/11      EV: 14    Int: 15    God:    Xom [..*...]
Gold:   584        SH:  0    Dex: 17    Spells: 10/10 levels left

rFire    . . .     SeeInvis .   D - +1 lajatang of Collusion {speed, rElec Dex+5} (curse)
rCold    . . .     Gourm    .   (shield currently unavailable)
rNeg     . . .     Faith    .   b - +3 leather armour
rPois    .         Spirit   .   (helmet restricted)
rElec    +         Reflect  .   y - +0 cloak
rCorr    .         Harm     .   (no gloves)
MR       .....                  (no boots)
Stlth    ++........             n - amulet of regeneration
HPRegen  0.62/turn              (no ring)
MPRegen  0.12/turn              (no ring)

@: no status effects
A: horns 1, clever 1, frail 1, mutation resistance 1
a: Renounce Religion


You were on level 9 of the Dungeon.
You worshipped Xom.
You were a toy of Xom.
You were not hungry.

You visited 1 branch of the dungeon, and saw 9 of its levels.

You collected 584 gold pieces.

Inventory:

Hand Weapons
 a - a +0 spear of chaos
 l - a +0 halberd
 v - a +3 rapier of speed
 D - the cursed +1 lajatang of Collusion (weapon) {speed, rElec Dex+5}
   (You found it on level 7 of the Dungeon)

   Attacks with this weapon are significantly faster.
   It affects your dexterity (+5).
   It insulates you from electricity.
   It has a curse placed upon it.
Missiles
 f - 4 javelins (quivered)
Armour
 b - a +3 leather armour (worn)
 d - a +1 helmet
 q - a +1 crystal plate armour
 y - a +0 cloak (worn)
Jewellery
 n - an amulet of regeneration (around neck)
Wands
 i - a wand of flame (40)
 p - a wand of paralysis (17)
 t - a wand of polymorph (8)
 E - a wand of enslavement (5)
Scrolls
 m - 4 scrolls of teleportation
 r - 2 scrolls of fog
 s - a scroll of fear
 x - 3 scrolls of remove curse
 A - 3 scrolls of enchant armour
Potions
 e - 2 potions of curing
 g - 4 potions of heal wounds
 h - a potion of might
 j - 2 potions of lignification
Comestibles
 c - 8 rations
 k - 2 chunks of flesh


   Skills:
 + Level 6.5 Fighting
 - Level 9.9(11.1) Polearms
 * Level 8.3(10.3) Staves
 - Level 0.7 Throwing
 * Level 6.3 Armour
 + Level 3.6 Dodging
 - Level 1.4 Stealth


You had 10 spell levels left.
You didn't know any spells.
Your spell library contained the following spells:

 Spells                   Type           Power        Failure   Level  Hunger
 Summon Small Mammal      Summ           #...         32%         1    ##.....
 Call Imp                 Summ           #.......     43%         2    ###....
 Call Canine Familiar     Summ           #.......     67%         3    ####...
 Summon Guardian Golem    Hex/Summ       #.......     67%         3    ####...
 Summon Ice Beast         Ice/Summ       #.......     97%         4    #####..
 Summon Lightning Spire   Summ/Air       #.......     97%         4    #####..


Dungeon Overview and Level Annotations

Branches:
Dungeon (9/15)             Temple (0/1) D:5
   Lair: D:8-11         Orc: D:9-12

Altars:
Elyvilon
Makhleb
Qazlal
Uskayaw
Xom
Yredelemnul


Innate Abilities, Weirdness & Mutations

You have a pair of small horns on your head.
Your mind is acute. (Int +2)
You are frail. (-10% HP)
You are somewhat resistant to further mutation.


Message History

A black bear corpse.
There is something else lying underneath.
The floor, spattered with blood.
You feel much better.
You hit the two-headed ogre. You headbutt the two-headed ogre.
The two-headed ogre is lightly wounded.
The two-headed ogre barely misses you. The two-headed ogre closely misses you.
Press: ? - help, v - describe, . - travel
Here: a two-headed ogre, wielding a -2 giant spiked club and a +0 giant club (lightly wounded)
The floor.
You slash the two-headed ogre! You headbutt the two-headed ogre.
The two-headed ogre is moderately wounded.
You slash the two-headed ogre!
You headbutt the two-headed ogre, but do no damage.
The two-headed ogre is severely wounded.
The two-headed ogre hits you with a cursed -2 giant spiked club!!
* * * LOW HITPOINT WARNING * * *
The two-headed ogre hits you with a +0 giant club!
You die...
Xom thinks this is hilarious!

####.###...........
######....##......######
#................## #
#.####.#####...### # #.#
#.#####..## # #(#
#.<.....## # ####(##
#######.# #
###....§###...# #.# #
#........°§§O@.# #.# #
#........#§§.....#.# #
#....(...§§..........
#.......##........#.#
#$......####(....###.
#.......# #....#.#
.(..?.. ##.#.....
.##.#.# #.#.....


You could see a two-headed ogre.

Vanquished Creatures
  A two-headed ogre (D:8)
  The ghost of lllmatko the Fighter, a novice MiBe of Trog (D:8)
  Pikel (D:4)
  Sigmund (D:5)
  Menkaure (D:5)
  A black bear (D:6)
  2 orc warriors (D:7)
  An ice beast (D:6)
  3 ogres
  3 sky beasts
  A phantom (D:6)
  A centaur (D:7)
  A big kobold (D:9)
  4 bullfrogs
  4 scorpions
  7 crimson imps
  4 jellies
  An orc priest (D:6)
  A bullfrog skeleton (D:5)
  A gnoll shaman (D:4)
  6 hounds
  Ijyb (D:5)
  4 iguanas
  5 orc wizards
  8 worker ants
  A killer bee zombie (D:8)
  A hound zombie (D:5)
  A worker ant zombie (D:8)
  9 gnolls
  2 howler monkey skeletons
  7 adders
  2 oozes
  An adder skeleton (D:6)
  An adder zombie (D:5)
  3 worms (D:2)
  3 dart slugs (D:1)
  5 leopard geckos
  22 orcs
  3 giant cockroaches
  8 hobgoblins
  14 jackals
  2 quokkas
  A ball python (D:4)
  9 bats
  5 frilled lizards
  5 goblins
  8 kobolds
  A quokka skeleton (D:8)
  9 rats
187 creatures vanquished.

Vanquished Creatures (collateral kills)
  A two-headed ogre (D:8)
  A hungry ghost (D:8)
  A black bear (D:9)
  An ogre (D:8)
  2 bullfrogs
  A goblin (D:4)
7 creatures vanquished.

Vanquished Creatures (others)
  A fire vortex (D:5)
1 creature vanquished.

Grand Total: 195 creatures vanquished

Notes
Turn   | Place    | Note
-------+----------+-------------------------------------------
     0 | D:1      | Gabide the Human Chaos Knight began the quest for the Orb.
     0 | D:1      | Reached XP level 1. HP: 18/18 MP: 1/1
    27 | D:1      | XOM: harmless Tloc miscast
   171 | D:1      | Reached XP level 2. HP: 22/24 MP: 2/2
   312 | D:1      | XOM: divination: magic mapping
   317 | D:1      | Reached XP level 3. HP: 10/29 MP: 3/3
   389 | D:1      | XOM: divination: magic mapping
  1055 | D:2      | XOM: silly message
  1104 | D:2      | XOM: butterfly on damage
  1305 | D:2      | Reached XP level 4. HP: 33/35 MP: 4/4
  1602 | D:3      | Reached skill level 1 in Stealth
  1692 | D:3      | Reached skill level 4 in Polearms
  1747 | D:3      | XOM: potion effect (brilliance)
  1753 | D:3      | XOM: enchant monster (good)
  1762 | D:3      | Reached XP level 5. HP: 41/41 MP: 5/5
  1986 | D:3      | XOM: give mutations
  1986 | D:3      | Gained mutation: You have large cloven feet. [Xom's grace]
  1986 | D:3      | Gained mutation: You are somewhat resistant to further
                  | mutation. [Xom's grace]
  2428 | D:3      | XOM: medium Chrm miscast
  2919 | D:4      | Reached XP level 6. HP: 45/47 MP: 6/6
  3018 | D:4      | Reached skill level 5 in Polearms
  3041 | D:4      | XOM: summons 3 friendly demons
  3187 | D:4      | XOM: summons friendly iron imp
  3254 | D:4      | Reached XP level 7. HP: 43/53 MP: 7/7
  3449 | D:4      | Reached skill level 6 in Polearms
  3455 | D:4      | XOM: give mutations
  3455 | D:4      | Gained mutation: You are frail. (-10% HP) [Xom's mischief]
  3455 | D:4      | Gained mutation: You are clumsy. (Dex -2) [Xom's mischief]
  3455 | D:4      | Gained mutation: Your spells are a little harder to cast,
                  | but a little more powerful. [Xom's mischief]
  3455 | D:4      | Lost mutation: Your spells are a little harder to cast, but
                  | a little more powerful. [Xom's mischief]
  3562 | D:4      | XOM: mild Hex miscast
  3562 | D:4      | Noticed Pikel
  3566 | D:4      | XOM: harmless Pois miscast
  3602 | D:4      | Killed Pikel
  3602 | D:4      | Reached skill level 7 in Polearms
  3602 | D:4      | Reached XP level 8. HP: 25/54 MP: 8/8
  3810 | D:4      | XOM: silly message
  3931 | D:5      | Entered Level 5 of the Dungeon
  4051 | D:5      | Reached skill level 8 in Polearms
  4065 | D:5      | XOM: summons 2 hostile shadow creatures
  4111 | D:5      | Noticed Sigmund
  4116 | D:5      | Killed Sigmund
  4126 | D:5      | Noticed Ijyb
  4133 | D:5      | Killed Ijyb
  4195 | D:5      | XOM: mild Fire miscast
  4239 | D:5      | XOM: confusion (+ monsters)
  4310 | D:5      | Found a staircase to the Ecumenical Temple.
  4351 | D:5      | Noticed Menkaure
  4457 | D:5      | Killed Menkaure
  4457 | D:5      | Reached skill level 5 in Fighting
  4457 | D:5      | Reached XP level 9. HP: 35/61 MP: 9/9
  4695 | D:6      | Reached skill level 9 in Polearms
  4741 | D:6      | Found a burning altar of Makhleb.
  4746 | D:6      | Found a stormy altar of Qazlal.
  4746 | D:6      | Found a hide-covered altar of Uskayaw.
  4892 | D:6      | XOM: noise
  5016 | D:6      | XOM: harmless Air miscast
  5020 | D:6      | XOM: scenery: create altars
  5095 | D:6      | XOM: god gift: 26 arrows
  5261 | D:6      | Reached skill level 5 in Armour
  5556 | D:6      | XOM: god gift: book of Callings
  5674 | D:7      | XOM: 1-stop teleportation journey
  5703 | D:7      | Got a warped lajatang
  5704 | D:7      | Identified the cursed +1 lajatang of Collusion {speed,
                  | rElec Dex+5} (You found it on level 7 of the Dungeon)
  5727 | D:7      | XOM: scenery: 2 doors open
  5738 | D:7      | XOM: cleaving
  5750 | D:7      | Reached skill level 1 in Staves
  5861 | D:7      | XOM: god gift: 38 gold pieces
  5890 | D:7      | Found a white marble altar of Elyvilon.
  5913 | D:7      | XOM: destruction
  6018 | D:7      | Reached XP level 10. HP: 62/68 MP: 10/10
  6064 | D:7      | Found a basalt altar of Yredelemnul.
  6370 | D:8      | XOM: scenery: create altars
  6391 | D:8      | Noticed a two-headed ogre
  6400 | D:8      | Killed a two-headed ogre
  6400 | D:8      | Reached skill level 5 in Staves
  6498 | D:8      | Noticed lllmatko's ghost (novice MiBe)
  6506 | D:8      | XOM: confuse monster(s)
  6523 | D:8      | XOM: 3-stop teleportation journey
  6534 | D:8      | Noticed a two-headed ogre
  6536 | D:8      | XOM: confuse monster(s)
  6539 | D:8      | XOM: summons 10 friendly demons
  6547 | D:8      | Killed a two-headed ogre
  6641 | D:8      | XOM: noise
  6785 | D:8      | XOM: give mutations
  6785 | D:8      | Gained mutation: You possess an exceptional clarity of
                  | mind. [Xom's grace]
  6785 | D:8      | Gained mutation: Your mind is acute. (Int +2) [Xom's grace]
  6785 | D:8      | Gained mutation: You have a pair of small horns on your
                  | head. [Xom's grace]
  6797 | D:8      | XOM: scenery: create altars
  6909 | D:8      | Found a runed translucent door.
  6920 | D:8      | Lost mutation: You possess an exceptional clarity of mind.
                  | [potion of mutation]
  6920 | D:8      | Lost mutation: You are somewhat resistant to further
                  | mutation. [potion of mutation]
  6920 | D:8      | Lost mutation: You have large cloven feet. [potion of
                  | mutation]
  6920 | D:8      | Lost mutation: You are clumsy. (Dex -2) [potion of
                  | mutation]
  6920 | D:8      | Gained mutation: You are somewhat resistant to further
                  | mutation. [potion of mutation]
  6934 | D:8      | XOM: cast spell 'Death Channel'
  6937 | D:8      | Killed lllmatko's ghost
  6965 | D:8      | XOM: harmless Conj miscast
  7401 | D:9      | Noticed a two-headed ogre
  7410 | D:9      | XOM: enchant monster (good)
  7417 | D:9      | Reached XP level 11. HP: 74/74 MP: 11/11
  7425 | D:9      | XOM: smoke on damage
  7432 | D:9      | Slain by a two-headed ogre

Levels and vault maps discovered:
D:1:      eino_arrival_water_cross, layout_basic
D:2:      layout_loops_cross
D:3:      layout_basic, first_ration, minivault_26, corner_web_ring
D:4:      layout_gridville, corexii_checkpoint_b, hangedman_decor_growths,
          uniq_pikel
D:5:      layout_basic, temple_doors_e, uniq_sigmund, uniq_menkaure, uniq_ijyb
D:6:      layout_basic, minitemple
D:7:      layout_gridville, elyvilon_altar_5, kennysheep_mini
D:8:      layout_basic, hellmonk_ghost_happy_afterlife
D:9:      layout_loops_ring, minmay_microvault

Skill      XL: |  1  2  3  4  5  6  7  8  9 10 |
---------------+-------------------------------+-----
Stealth        | 1 |  1.4
Polearms       | 4 5 7 8 9 |  9.9
Dodging        | 2 3 |  3.6
Fighting       | 4 5 6 |  6.5
Armour         | 3 4 5 6 |  6.3
Staves         | 2 8 |  8.3
Throwing       | |  0.7

Action                   |  1- 3 |  4- 6 |  7- 9 | 10-12 || total
-------------------------+-------+-------+-------+-------++-------
Melee: Spear             |   106 |    96 |    13 |       ||   215
       Halberd           |       |    80 |   274 |       ||   354
       Kick              |       |    21 |    61 |    32 ||   114
       Lajatang          |       |       |    55 |   144 ||   199
       Headbutt          |       |       |       |    13 ||    13
Throw: Boomerang         |       |    11 |       |       ||    11
       Throwing net      |       |     1 |       |       ||     1
       Javelin           |       |       |    23 |    10 ||    33
Evoke: Wand              |       |       |     4 |     2 ||     6
  Use: Scroll            |     3 |     9 |     3 |     2 ||    17
       Potion            |       |       |     2 |     9 ||    11
 Stab: Paralysed         |     1 |       |     9 |     5 ||    15
       Sleeping          |     1 |     1 |       |     3 ||     5
       Petrified         |       |     3 |       |       ||     3
       Distracted        |       |       |       |     1 ||     1
  Eat: Chunk             |     1 |     7 |     3 |     3 ||    14
       Ration            |       |       |     2 |     1 ||     3
Armor: Leather armour    |    26 |    60 |   124 |    30 ||   240
       Skin              |       |       |       |     3 ||     3
Dodge: Dodged            |    31 |    80 |   178 |    48 ||   337
